 Dungeon Crawl Stone Soup version 0.29-a0-286-g41199d4a87 (webtiles) character file.

Game seed: 4334661796730835750

828 Dabor the Skirmisher (level 7, -2/44 HPs)
             Began as a Gargoyle Fighter on Mar 16, 2022.
             Was an Initiate of Hepliaklqana.
             Blown up by Pikel (13 damage)
             ... with a mindburst bolt
             ... on level 5 of the Dungeon.
             The game lasted 00:06:48 (4658 turns).

Dabor the Skirmisher (Gargoyle Fighter)             Turns: 4658, Time: 00:06:49

Health: -2/44      AC: 13    Str: 22    XL:     7   Next: 97%
Magic:  7/7        EV: 10    Int:  8    God:    Hepliaklqana [......]
Gold:   136        SH:  4    Dex:  9    Spells: 6/6 levels left

rFire   . . .      SeeInvis +   a - +0 flail
rCold   . . .      Faith    .   c - +0 buckler
rNeg    + . .      Spirit   .   b - +0 scale mail
rPois   ∞          Reflect  .   (no helmet)
rElec   +          Harm     .   (no cloak)
rCorr   .          Rampage  .   (no gloves)
Will    .....                   l - +0 pair of boots
Stlth   ..........              (no amulet)
HPRegen 0.14/turn               d - ring of see invisible
MPRegen 0.10/turn               (no ring)

@: no status effects
A: sickness immunity, AC +4, negative energy resistance 1, electricity
resistance, torment resistance 1, petrification resistance
a: Renounce Religion


You were on level 5 of the Dungeon.
You worshipped Hepliaklqana.
Hepliaklqana was noncommittal.
You visited 1 branch of the dungeon, and saw 5 of its levels.

You collected 136 gold pieces.

Inventory:

Hand Weapons
 a - a +0 flail (weapon)
Missiles
 t - a throwing net
 w - 3 datura-tipped darts
 C - 3 silver javelins (quivered)
Armour
 b - a +0 scale mail (worn)
 c - a +0 buckler (worn)
 l - a +0 pair of boots (worn)
Jewellery
 d - a ring of see invisible (left hand)
 s - an amulet of guardian spirit
 u - an amulet of faith
Wands
 n - a wand of acid (7)
 q - a wand of polymorph (1)
Scrolls
 e - a scroll of blinking {unknown}
 f - a scroll of enchant weapon {unknown}
 g - 2 scrolls of enchant armour {unknown}
 h - a scroll of torment {unknown}
 k - 2 scrolls of identify {unknown}
 m - 2 scrolls of teleportation {unknown}
 o - a scroll of holy word {unknown}
 p - 2 scrolls of amnesia {unknown}
 x - a scroll of silence {unknown}
 y - a scroll of fog {unknown}
 B - a scroll of immolation {unknown}
Potions
 i - 2 potions of curing {unknown}
 j - a potion of degeneration {unknown}
 r - a potion of flight {unknown}
 v - a potion of heal wounds {unknown}
 z - a potion of berserk rage {unknown}
 A - a potion of resistance {unknown}


   Skills:
 + Level 5.4 Fighting
 + Level 4.2 Maces & Flails
 + Level 2.2 Throwing
 + Level 5.3 Armour
 + Level 2.7 Dodging
 - Level 3.3 Shields
 + Level 2.2 Evocations


You had 6 spell levels left.
You didn't know any spells.
Your spell library contained the following spells:

 Spells                   Type           Power      Damage    Failure   Level
 Beastly Appendage        Tmut           0%         N/A       80%         1
 Freeze                   Ice            0%         1d3       80%         1
 Magic Dart               Conj           0%         1d3       80%         1
 Sandblast                Erth           0%         2d4       80%         1
 Passwall                 Tmut/Erth      0%         N/A       91%         2
 Searing Ray              Conj           0%         2d4       91%         2
 Frozen Ramparts          Ice            0%         1d2       99%         3
 Stone Arrow              Conj/Erth      0%         3d7       99%         3
 Fulminant Prism          Conj/Hex       0%         3d6       100%        4
 Hailstorm                Conj/Ice       0%         3d3       100%        4
 Ice Form                 Ice/Tmut       0%         N/A       100%        4
 Summon Ice Beast         Ice/Summ       0%         N/A       100%        4
 Lee's Rapid Deconstruct  Erth           0%         3d5*      100%        5
 Lehudib's Crystal Spear  Conj/Erth      0%         10d2      100%        8


Dungeon Overview and Level Annotations

Branches:
Dungeon (5/15)
 Temple: D:4-7

Altars:
Hepliaklqana

Annotations:
D:5 Pikel


Innate Abilities, Weirdness & Mutations

You are immune to sickness and miasma.
Your stone body is resilient. (AC +4)
You are immune to poison.
You resist negative energy. (rN+)
You are resistant to electric shocks. (rElec)
You are resistant to unholy torment.
You are immune to petrification.


Message History

You hit Pikel but do no damage.
Pikel is moderately wounded.
Pikel zaps a wand.
Your mind is blasted!
You hit Pikel.
Pikel is heavily wounded.
Pikel hits you but does no damage.
Pikel hits you with a +1 whip of freezing.
Pikel freezes you.
You hit Pikel but do no damage.
Pikel is heavily wounded.
Pikel hits you but does no damage.
You closely miss Pikel.
Pikel is heavily wounded.
Pikel hits you but does no damage.
You closely miss Pikel.
Pikel is heavily wounded.
Pikel hits you with a +1 whip of freezing.
Pikel freezes you.
You hit Pikel.
Pikel is heavily wounded.
Pikel closely misses you. Pikel hits you but does no damage.
You closely miss Pikel.
Pikel is heavily wounded.
Pikel hits you but does no damage.
You barely miss Pikel.
Pikel is heavily wounded.
Pikel hits you but does no damage.
You are too injured to fight recklessly!
You closely miss Pikel.
Pikel is heavily wounded.
Pikel zaps a wand.
Your mind is blasted!
You hit Pikel.
Pikel is severely wounded.
Pikel hits you with a +1 whip of freezing.
* * * LOW HITPOINT WARNING * * *
Pikel freezes you.
* * * LOW HITPOINT WARNING * * *
Pikel cracks his whip.
Pikel zaps a wand.
Your mind is blasted!
You die...

....#....###
##.##
....#.####...
#...
....#......####..
........####..#..
....########..#.#
##### #......#.##
#..)..##..#
#)........##
#...#####@)#
########.....#
##K#
.........#.#.# 5#
.........#)#.# 5.
.........#)# #
#.. .......)##.#
... .<.........#
#... ###........#
.(.. ...........#


You could see Pikel and 2 lemures.

Vanquished Creatures
  2 ice beasts (D:5)
  A black bear (D:5)
  An ogre (D:5)
  A lemure (D:5)
  2 phantoms (D:5)
  A scorpion (D:5)
  A hound (D:5)
  A jelly (D:5)
  A gnoll shaman (D:5)
  Ijyb (D:5)
  4 adders
  4 gnolls (D:5)
  A shadow imp (D:5)
  A white imp (D:5)
  3 worms (D:3)
  A dart slug (D:4)
  7 orcs
  5 endoplasms
  2 giant cockroaches (D:2)
  2 goblins
  3 hobgoblins
  4 quokkas
  4 bats
  3 frilled lizards
  5 kobolds
61 creatures vanquished.

Vanquished Creatures (others)
  8 plants (D:4)
8 creatures vanquished.

Grand Total: 69 creatures vanquished

Notes
Turn   | Place    | Note
-------+----------+-------------------------------------------
     0 | D:1      | Dabor the Gargoyle Fighter began the quest for the Orb.
     0 | D:1      | Reached XP level 1. HP: 14/14 MP: 1/1
   433 | D:1      | Reached XP level 2. HP: 17/19 MP: 2/2
   791 | D:1      | Reached XP level 3. HP: 7/24 MP: 3/3
  1206 | D:2      | Got the Grimoire of Changing and the Mountains
  1369 | D:3      | Reached skill level 1 in Dodging
  1845 | D:3      | Reached XP level 4. HP: 4/29 MP: 4/4
  2495 | D:4      | Noticed an ogre
  2510 | D:4      | Noticed a scorpion
  2525 | D:5      | Entered Level 5 of the Dungeon
  2540 | D:5      | Killed a scorpion
  2541 | D:5      | Reached XP level 5. HP: 15/33 MP: 5/5
  2703 | D:5      | Noticed Ijyb
  2724 | D:5      | Killed Ijyb
  2846 | D:5      | Found a hazy altar of Hepliaklqana.
  2852 | D:5      | Noticed a black bear
  2863 | D:5      | Killed a black bear
  2864 | D:5      | Reached XP level 6. HP: 18/39 MP: 6/6
  2864 | D:5      | Became a worshipper of Hepliaklqana the Forgotten
  3195 | D:5      | Noticed an ice beast
  3214 | D:5      | Killed an ice beast
  3215 | D:5      | Reached skill level 1 in Throwing
  3215 | D:5      | Reached skill level 1 in Evocations
  3242 | D:5      | Reached skill level 5 in Fighting
  3242 | D:5      | Reached XP level 7. HP: 29/44 MP: 7/7
  3597 | D:5      | Reached skill level 5 in Armour
  4637 | D:5      | Noticed Pikel
  4658 | D:5      | Blown up by Pikel

Illustrated notes

Levels and vault maps discovered:
D:1:      minmay_arrival_diagonal_passages, layout_basic
D:2:      layout_basic, minmay_misc_feat_encased, st_stairs_10,
          minmay_fractal_squares_gapless_5
D:3:      layout_loops_ring
D:4:      gammafunk_steamed_eel, layout_basic, amethyst_overflow_temple_binary,
          serial_bayou, serial_bayou_pond_c, serial_bayou_pond_d,
          serial_bayou_lagoon_a, serial_bayou_pond_d, hangedman_decor_riveting
D:5:      minmay_evil_eye, layout_basic, nicolae_overflow_crystal_walls,
          minmay_temple_entry_enclosed_plants, uniq_ijyb, uniq_pikel

Skill      XL: |  1  2  3  4  5  6  7 |
---------------+----------------------+-----
Dodging        | 1 2 |  2.7
Fighting       | 4 5 |  5.4
Armour         | 4 5 |  5.3
Maces & Flails | 3 4 |  4.2
Throwing       | 1 2 |  2.2
Evocations     | 1 2 |  2.2
Shields        | |  3.3

Action                   |  1- 3 |  4- 6 |  7- 9 || total
-------------------------+-------+-------+-------++-------
Melee: Flail             |   102 |    96 |   116 ||   314
       Unarmed           |       |     8 |       ||     8
Throw: Javelin           |       |     2 |    12 ||    14
Evoke: Wand              |       |     1 |       ||     1
  Use: Potion            |     1 |       |       ||     1
Armor: Scale mail        |    65 |    73 |    53 ||   191
       Skin              |       |     1 |       ||     1
Dodge: Dodged            |    51 |    50 |    49 ||   150
Block: Buckler           |    22 |    17 |    14 ||    53

Table legend: (Time is in decaauts)
 A = Elapsed time spent in this place.
 B = Non-inter-level travel time spent in this place.
 C = Inter-level travel time spent in this place.
 D = Time resting spent in this place.
 E = Time spent auto-exploring this place.
 F = Levels seen in this place.
 G = Mean time per level.
                   A        B        C        D        E       F      G
               +--------+--------+--------+--------+--------+-----+--------+
         Total |   4764 |   4621 |    143 |    721 |   3137 |   5 |  952.8 |
       Dungeon |   4764 |   4621 |    143 |    721 |   3137 |   5 |  952.8 |
               +--------+--------+--------+--------+--------+-----+--------+

Top non-repeatable levels by time:
     D:5: 2191 daAuts
     D:3: 1034 daAuts
     D:1: 1004 daAuts
     D:2: 332 daAuts
     D:4: 201 daAuts
